[Event "Titled Tuesday Blitz August 1 Early 2023"]
[White "Mitrabha, Guha"]
[Black "Vantika Agrawal"]
[WhiteFideId "5057000"]
[BlackFideId "25050389"]
[WhiteElo "2846"]
[BlackElo "2653"]
[Result "1-0"]
[Round "5"]
[TimeControl "180+1"]
[Date "2023.08.01"]
[WhiteClock "0:01:13"]
[BlackClock "0:00:00"]
[Board "33"]

1. Nf3 Nf6 2. b3 g6 3. Bb2 Bg7 4. c4 O-O 5. g3 d6 6. Bg2 e5 7. O-O a5 8. Nc3 Re8 9. d3 c6 10. Nd2 Na6 11. a3 Be6 12. Nde4 d5 13. Nxf6+ Bxf6 14. cxd5 cxd5 15. e4 Nc7 16. exd5 Nxd5 17. Ne4 Bg7 18. Nc5 Bc8 19. Qf3 Ne7 20. b4 axb4 21. axb4 Rxa1 22. Rxa1 b6 23. Ne4 Nf5 24. Ra7 Be6 25. h4 f6 26. h5 Rf8 27. hxg6 hxg6 28. Qg4 Qe8 29. Qd1 Nd4 30. Bxd4 exd4 31. Qc2 Qc8 32. Rc7 Qa6 33. Bf3 Qa1+ 34. Kg2 Qa2 35. Qc6 g5 36. g4 Rd8 37. Qb7 Bh8 38. Qxb6 Rf8 39. Rc6 Bd5 40. Rd6 1-0


[Site "https://www.chess.com"]

[Event "Titled Tuesday Blitz August 1 Early 2023"]
[White "Talibov, Shiroghlan"]
[Black "Weishaeutel, Moritz"]
[WhiteFideId "13429078"]
[BlackFideId "12967300"]
[WhiteElo "2843"]
[BlackElo "2648"]
[Result "1-0"]
[Round "5"]
[TimeControl "180+1"]
[Date "2023.08.01"]
[WhiteClock "0:00:54"]
[BlackClock "0:00:03"]
[Board "34"]

1. Nf3 Nf6 2. Rg1 d5 3. b3 c5 4. Bb2 Nc6 5. e3 Bf5 6. h3 e6 7. g4 Bg6 8. h4 h5 9. g5 Ne4 10. d3 Nd6 11. Nbd2 Nf5 12. e4 Nfd4 13. Nxd4 Nxd4 14. Bg2 dxe4 15. Bxe4 Bxe4 16. Nxe4 Qd5 17. Rg3 Be7 18. Qd2 O-O-O 19. O-O-O e5 20. Kb1 Kb8 21. f4 exf4 22. Qxf4+ Ka8 23. Rg2 Rhf8 24. Rf2 f5 25. gxf6 Bxf6 26. Nxf6 Rxf6 27. Qg3 Rxf2 28. Qxf2 g6 29. a4 a6 30. Qf6 Rd6 31. Qh8+ Ka7 32. Qf8 Rb6 33. Rd2 Nf3 34. Re2 Nd4 35. Re8 Re6 36. Ra8+ Kb6 37. Rd8 Re1+ 38. Ka2 Qc6 39. Rd6 Nxc2 40. Rxc6+ Kxc6 41. Qf6+ Kc7 42. Be5+ Kd7 43. Qf7+ Kc6 44. Qe6# 1-0


[Site "https://www.chess.com"]

[Event "Titled Tuesday Blitz August 1 Early 2023"]
[White "Rustemov, Alexander"]
[Black "Popilski, Gil"]
[WhiteFideId "4119002"]
[BlackFideId "2809060"]
[WhiteElo "2836"]
[BlackElo "2646"]
[Result "1-0"]
[Round "5"]
[TimeControl "180+1"]
[Date "2023.08.01"]
[WhiteClock "0:00:30"]
[BlackClock "0:00:00"]
[Board "35"]

1. d4 Nf6 2. c4 g6 3. Nf3 Bg7 4. g3 c6 5. Bg2 d5 6. Nbd2 O-O 7. O-O Bf5 8. b3 a5 9. a3 Nbd7 10. Bb2 b5 11. cxb5 cxb5 12. Rc1 Ne4 13. Nh4 Nxd2 14. Qxd2 Be6 15. Nf3 h6 16. Ne5 Nf6 17. Nd3 Ne4 18. Qe3 Nd6 19. Nf4 Nf5 20. Qd3 Qd6 21. Rc5 b4 22. a4 Rfd8 23. Rfc1 Rac8 24. e3 Rxc5 25. Rxc5 Rc8 26. Rxc8+ Bxc8 27. Bxd5 g5 28. Be4 Ba6 29. Qc2 Nxd4 30. Bxd4 Bxd4 31. exd4 gxf4 32. Qc5 fxg3 33. hxg3 Qxc5 34. dxc5 e6 35. Ba8 Kf8 36. c6 Ke7 37. Bb7 1-0


[Site "https://www.chess.com"]

[Event "Titled Tuesday Blitz August 1 Early 2023"]
[White "Manukyan, Sargis A."]
[Black "Sychev, Klementy"]
[WhiteFideId "13303970"]
[BlackFideId "4114060"]
[WhiteElo "2640"]
[BlackElo "2813"]
[Result "0-1"]
[Round "5"]
[TimeControl "180+1"]
[Date "2023.08.01"]
[WhiteClock "0:00:10"]
[BlackClock "0:00:06"]
[Board "36"]

1. d4 Nf6 2. c4 e6 3. Nc3 Bb4 4. a3 Bxc3+ 5. bxc3 c5 6. e3 b6 7. Bd3 Bb7 8. f3 Nh5 9. Nh3 Qh4+ 10. Nf2 f5 11. O-O O-O 12. d5 e5 13. f4 e4 14. Be2 Nf6 15. g3 Qh6 16. g4 fxg4 17. Nxg4 Qh4 18. Kh1 d6 19. Bd2 Bc8 20. Be1 Qh3 21. Nf2 Qh6 22. Rg1 Bf5 23. Ng4 Nxg4 24. Bxg4 Qf6 25. Ra2 Nd7 26. Rag2 Bxg4 27. Qxg4 Rf7 28. Qe6 Kf8 29. Qxe4 Re8 30. Qxh7 Rxe3 31. Bh4 g5 32. Qh5 gxh4 33. Rg6 Qxf4 34. Rg8+ Ke7 35. R8g2 h3 36. Rg3 Qe4+ 37. Rf3 Qxf3+ 38. Qxf3 Rexf3 39. a4 Ne5 40. a5 Rf1 41. axb6 axb6 42. Rxf1 Rxf1# 0-1


[Site "https://www.chess.com"]

[Event "Titled Tuesday Blitz August 1 Early 2023"]
[White "Harvey, Marcus R"]
[Black "Malek, Jan"]
[WhiteFideId "400092"]
[BlackFideId "21864080"]
[WhiteElo "2801"]
[BlackElo "2638"]
[Result "1-0"]
[Round "5"]
[TimeControl "180+1"]
[Date "2023.08.01"]
[WhiteClock "0:01:15"]
[BlackClock "0:00:02"]
[Board "37"]

1. d4 f5 2. Bg5 d5 3. c4 c6 4. e3 Qb6 5. Qd2 Nd7 6. cxd5 cxd5 7. Nc3 Ngf6 8. Bd3 e6 9. f3 Bd6 10. Nge2 O-O 11. O-O a6 12. Rac1 Nb8 13. Na4 Qd8 14. Bf4 Nc6 15. Bxd6 Qxd6 16. a3 Bd7 17. Nc5 Rab8 18. Rc2 Be8 19. Rfc1 g5 20. Qe1 h6 21. Qg3 Qxg3 22. hxg3 Nd8 23. b4 Bb5 24. Bxb5 axb5 25. Nc3 b6 26. Nd3 Nf7 27. Nxb5 g4 28. Nf4 Ng5 29. Kf2 Rfe8 30. Rc6 gxf3 31. gxf3 Kf7 32. Nd6+ Kg7 33. Nxe8+ Rxe8 34. Rxb6 h5 35. Rc7+ Kg8 36. Rbb7 1-0


[Site "https://www.chess.com"]

[Event "Titled Tuesday Blitz August 1 Early 2023"]
[White "Priasmoro, Novendra"]
[Black "Przybylski, Wojciech"]
[WhiteFideId "7105029"]
[BlackFideId "1117599"]
[WhiteElo "2786"]
[BlackElo "2635"]
[Result "1-0"]
[Round "5"]
[TimeControl "180+1"]
[Date "2023.08.01"]
[WhiteClock "0:00:08"]
[BlackClock "0:00:05"]
[Board "38"]

1. e4 e5 2. Nf3 Nc6 3. Bb5 Nf6 4. O-O Nxe4 5. d4 Nd6 6. Bxc6 dxc6 7. dxe5 Nf5 8. Qxd8+ Kxd8 9. Rd1+ Ke8 10. Nc3 h6 11. b3 Be6 12. Bb2 Be7 13. h3 c5 14. Nd5 Bd8 15. c4 h5 16. Rd2 a5 17. Rb1 h4 18. Rbd1 a4 19. Nf4 axb3 20. axb3 Rh6 21. Nxe6 Rxe6 22. Rd5 b6 23. Bc1 c6 24. R5d3 Be7 25. Bf4 Rd8 26. Rxd8+ Bxd8 27. g4 hxg3 28. fxg3 f6 29. g4 Nd4 30. Nxd4 cxd4 31. exf6 Bxf6 32. g5 Be7 33. Kf2 g6 34. Kf3 c5 35. h4 Bd6 36. Rh1 Bxf4 37. Kxf4 Kf7 38. h5 gxh5 39. Rxh5 Re3 40. Rh7+ Kg8 41. Rd7 Kf8 42. Kf5 Kg8 43. Kf6 Rf3+ 44. Kg6 Kf8 45. Rd6 Rxb3 46. Kf6 Rf3+ 47. Ke5 Kg7 48. Rxb6 Rc3 49. Kd5 d3 50. Kxc5 d2 51. Rd6 Rc2 52. Kb4 Kf7 53. Kb3 Rc1 54. Rxd2 Kg6 55. Rg2 Rb1+ 56. Kc3 Rc1+ 57. Kb4 Rb1+ 58. Ka5 Ra1+ 59. Kb5 Ra2 60. Rxa2 Kxg5 61. c5 1-0


[Site "https://www.chess.com"]

[Event "Titled Tuesday Blitz August 1 Early 2023"]
[White "Dvirnyy, Danyyil"]
[Black "Ovetchkin, Roman"]
[WhiteFideId "817570"]
[BlackFideId "4119991"]
[WhiteElo "2785"]
[BlackElo "2632"]
[Result "1-0"]
[Round "5"]
[TimeControl "180+1"]
[Date "2023.08.01"]
[WhiteClock "0:00:17"]
[BlackClock "0:00:00"]
[Board "39"]

1. Nf3 d5 2. g3 Bg4 3. Bg2 Nd7 4. d4 c6 5. h3 Bh5 6. O-O e6 7. Nbd2 Ngf6 8. Re1 Be7 9. e4 O-O 10. c3 Qb8 11. a4 a5 12. Qb3 Bg6 13. exd5 cxd5 14. Bf1 Bd6 15. Qd1 Ne4 16. Nxe4 Bxe4 17. Ng5 Bxg3 18. Nxe4 Bh2+ 19. Kh1 dxe4 20. Rxe4 Nf6 21. Rh4 Bd6 22. Bd3 g6 23. Qf3 Qd8 24. Bg5 Be7 25. Rg1 1-0


[Site "https://www.chess.com"]

[Event "Titled Tuesday Blitz August 1 Early 2023"]
[White "Mamedov, Edgar"]
[Black "Remizov, Yaroslav"]
[WhiteFideId "13739980"]
[BlackFideId "34134015"]
[WhiteElo "2627"]
[BlackElo "2777"]
[Result "0-1"]
[Round "5"]
[TimeControl "180+1"]
[Date "2023.08.01"]
[WhiteClock "0:00:03"]
[BlackClock "0:00:31"]
[Board "40"]

1. d4 Nf6 2. Bg5 d5 3. Bxf6 exf6 4. e3 c5 5. dxc5 Bxc5 6. c3 O-O 7. Nf3 Nc6 8. Nbd2 Qc7 9. Nb3 Bb6 10. Qxd5 Rd8 11. Qe4 f5 12. Qb1 f4 13. e4 Bg4 14. Be2 Bxf3 15. Bxf3 Ne5 16. O-O Nxf3+ 17. gxf3 Rd6 18. Kh1 Rh6 19. Nd4 Bxd4 20. cxd4 Qd7 21. Qc1 Rh4 22. Rg1 Qh3 23. Rg2 Qxf3 24. Qc3 Qxe4 25. d5 g6 26. Rd1 Rd8 27. d6 Qe6 28. Qd4 f3 29. Qxh4 fxg2+ 30. Kxg2 Rxd6 31. Rxd6 Qxd6 32. Qe4 Qc6 33. Qxc6 bxc6 34. Kf3 f6 35. Ke4 Kf7 36. Kd4 Ke6 37. Kc5 Kd7 38. f4 g5 39. fxg5 fxg5 40. b4 h5 41. Kd4 Kd6 42. Ke4 Ke6 43. a3 g4 44. Kf4 Kf6 45. a4 a6 46. Ke4 Kg5 47. Ke3 Kf5 48. h4 gxh3 49. Kf2 Ke4 0-1


[Site "https://www.chess.com"]

[Event "Titled Tuesday Blitz August 1 Early 2023"]
[White "Havlik, Jan"]
[Black "Wagh Suyog"]
[WhiteFideId "319783"]
[BlackFideId "25071688"]
[WhiteElo "2618"]
[BlackElo "2777"]
[Result "0-1"]
[Round "5"]
[TimeControl "180+1"]
[Date "2023.08.01"]
[WhiteClock "0:01:19"]
[BlackClock "0:00:44"]
[Board "41"]

1. e4 c5 2. Nf3 d6 3. d4 cxd4 4. Nxd4 Nf6 5. Nc3 a6 6. Bc4 e6 7. Bb3 Nbd7 8. O-O Nc5 9. Bg5 Be7 10. Qe1 Qc7 11. Rd1 b5 12. f4 b4 13. e5 bxc3 14. exf6 gxf6 15. Qxc3 Rg8 16. Bh4 Bb7 17. Bg3 h5 18. Ba4+ Kf8 19. b4 h4 20. bxc5 hxg3 21. c6 gxh2+ 22. Kxh2 Bc8 23. Rb1 d5 24. g3 e5 25. fxe5 Qxe5 26. Rbe1 Qh5+ 27. Kg1 Bd6 28. Re3 Rh8 29. c7 Qh2# 0-1


[Site "https://www.chess.com"]

[Event "Titled Tuesday Blitz August 1 Early 2023"]
[White "Lamaze, Simon"]
[Black "Ozates, Tuna"]
[WhiteFideId "36069264"]
[BlackFideId "6354521"]
[WhiteElo "2774"]
[BlackElo "2618"]
[Result "1-0"]
[Round "5"]
[TimeControl "180+1"]
[Date "2023.08.01"]
[WhiteClock "0:00:56"]
[BlackClock "0:00:09"]
[Board "42"]

1. c4 e6 2. d4 d5 3. Nf3 Nf6 4. g3 Bb4+ 5. Nbd2 O-O 6. Bg2 b6 7. Ne5 Nbd7 8. Nc6 Bxd2+ 9. Bxd2 Qe8 10. Bb4 Bb7 11. Bxf8 Qxf8 12. cxd5 exd5 13. Ne5 Nxe5 14. dxe5 Ne4 15. O-O Qe7 16. Bxe4 dxe4 17. Qd4 c5 18. Qc3 Re8 19. Rad1 h5 20. Rd6 Qxe5 21. Qxe5 Rxe5 22. Rd7 Bd5 23. Rxa7 e3 24. f4 Re4 25. Rd1 Bc4 26. Kf1 h4 27. b3 Be6 28. Ra4 c4 29. bxc4 Bxc4 30. Ra8+ Kh7 31. Rad8 b5 32. R8d4 Re7 33. a4 Bb3 34. axb5 Bxd1 35. Rxd1 h3 36. Rb1 Kg6 37. b6 Rb7 38. Rb5 Kf6 39. Ke1 Ke6 40. Kd1 Kd6 41. Kc2 Kc6 42. Rb3 f6 43. Kd3 Rd7+ 44. Kxe3 Kb7 45. Kf3 Rd1 46. Kg4 Re1 47. e3 g6 48. Kxh3 Re2 49. g4 Rf2 50. Kg3 Rf1 51. h4 Rg1+ 52. Kf3 Rf1+ 53. Ke4 Rg1 54. g5 1-0


[Site "https://www.chess.com"]

[Event "Titled Tuesday Blitz August 1 Early 2023"]
[White "Jain Kashish Manoj"]
[Black "Kushko, Dmitriy"]
[WhiteFideId "35081098"]
[BlackFideId "14162261"]
[WhiteElo "2612"]
[BlackElo "2770"]
[Result "0-1"]
[Round "5"]
[TimeControl "180+1"]
[Date "2023.08.01"]
[WhiteClock "0:00:00"]
[BlackClock "0:00:09"]
[Board "43"]

1. e4 g6 2. d4 Bg7 3. Nf3 d6 4. Nc3 a6 5. a4 Nf6 6. Be2 O-O 7. O-O Nc6 8. d5 Nb4 9. a5 e6 10. Be3 exd5 11. exd5 Bf5 12. Nd4 Bd7 13. Bf3 Re8 14. Qd2 Bg4 15. Ra4 Bxf3 16. Nxf3 c5 17. dxc6 Nxc6 18. Bb6 Qd7 19. Rd1 d5 20. b3 Qf5 21. h3 Ne4 22. Nxe4 dxe4 23. Nd4 Nxd4 24. Bxd4 Rad8 25. Qe3 Rd5 26. Rb4 Qd7 27. c3 Rxa5 28. Re1 f5 29. Bxg7 Qxg7 30. Qb6 Qxc3 31. Re3 Qa1+ 32. Kh2 Qe5+ 33. g3 f4 34. Rexe4 fxg3+ 35. fxg3 Ra2+ 36. Kh1 Ra1+ 37. Kg2 Qb2+ 0-1


[Site "https://www.chess.com"]

[Event "Titled Tuesday Blitz August 1 Early 2023"]
[White "Gorovets, Andrey"]
[Black "Principe, Gerson"]
[WhiteFideId "13504037"]
[BlackFideId "3804550"]
[WhiteElo "2765"]
[BlackElo "2610"]
[Result "1/2-1/2"]
[Round "5"]
[TimeControl "180+1"]
[Date "2023.08.01"]
[WhiteClock "0:00:09"]
[BlackClock "0:00:24"]
[Board "44"]

1. Nf3 Nf6 2. c4 e6 3. g3 b6 4. Bg2 Bb7 5. O-O Be7 6. d4 O-O 7. Nc3 Ne4 8. Bd2 f5 9. d5 Bf6 10. Rc1 Na6 11. a3 Nac5 12. b4 Nxc3 13. Bxc3 Ne4 14. Be5 d6 15. Bxf6 Qxf6 16. dxe6 Qxe6 17. Nd4 Qe7 18. e3 a5 19. Qc2 g6 20. Rfe1 Rfe8 21. Qb2 axb4 22. axb4 c5 23. bxc5 bxc5 24. Nb5 Bc6 25. Nc3 Rab8 26. Qc2 Rb4 27. Nxe4 Bxe4 28. Bxe4 Qxe4 29. Red1 Qxc2 30. Rxc2 Re6 31. Rcd2 Rxc4 32. Rxd6 Rxd6 33. Rxd6 Rc2 34. h3 Kg7 35. g4 Rc4 36. gxf5 gxf5 37. Kg2 f4 38. exf4 Rxf4 39. Rc6 Rc4 40. Kg3 1/2-1/2


[Site "https://www.chess.com"]

[Event "Titled Tuesday Blitz August 1 Early 2023"]
[White "Gunduz, Umut Erdem"]
[Black "Cherniaiev, Tykhon"]
[WhiteFideId "6381383"]
[BlackFideId "14182360"]
[WhiteElo "2609"]
[BlackElo "2763"]
[Result "1/2-1/2"]
[Round "5"]
[TimeControl "180+1"]
[Date "2023.08.01"]
[WhiteClock "0:00:09"]
[BlackClock "0:00:05"]
[Board "45"]

1. e4 e5 2. Nf3 Nc6 3. Bc4 Bc5 4. c3 Nf6 5. d3 d6 6. h3 a6 7. Bb3 h6 8. Nbd2 Ba7 9. Nf1 Be6 10. Ng3 O-O 11. O-O Qd7 12. Nh4 Ne7 13. Qf3 Ng6 14. Nhf5 Bxf5 15. Nxf5 Nh7 16. Qg4 Kh8 17. Nxh6 Qxg4 18. Nxg4 Nf6 19. Nxf6 gxf6 20. Bh6 Rfd8 21. Bxf7 Nf4 22. Rad1 Kh7 23. Bxf4 exf4 24. d4 c5 25. Be6 cxd4 26. cxd4 Kg7 27. Rd3 Re8 28. Bf5 Rad8 29. Rc1 Re7 30. d5 Bc5 31. Kf1 b5 32. Ke2 Rde8 33. Kf3 Kh6 34. Rc2 Rg8 35. a3 a5 36. Rd1 Ra7 37. Rg1 b4 38. axb4 axb4 39. Kxf4 Bd4 40. Rd2 Be5+ 41. Ke3 Ra2 42. g4 Rxb2 43. Rd3 Ra8 44. f4 Bc3 45. h4 Raa2 46. g5+ fxg5 47. hxg5+ Kg7 48. Kf3 Rf2+ 49. Kg3 Rfd2 50. Rxd2 Bxd2 51. e5 dxe5 52. fxe5 Ra5 53. Be6 Bxg5 54. Kf3 Kh6 55. Ke4 b3 56. d6 Rb5 57. Bc4 Rb4 58. Kd4 b2 59. Rb1 Kg7 60. Kc3 Rb6 61. Rxb2 Rxb2 62. Kxb2 Bf4 63. d7 Bxe5+ 64. Kb3 Bf6 65. Kb4 Bd8 66. Kb5 Kf8 67. Kc6 Ke7 68. Kb7 Kxd7 1/2-1/2


[Site "https://www.chess.com"]

[Event "Titled Tuesday Blitz August 1 Early 2023"]
[White "Thomforde-Toates, Noah"]
[Black "Aradhya, Garg"]
[WhiteFideId "30951992"]
[BlackFideId "25006746"]
[WhiteElo "2599"]
[BlackElo "2756"]
[Result "0-1"]
[Round "5"]
[TimeControl "180+1"]
[Date "2023.08.01"]
[WhiteClock "0:02:36"]
[BlackClock "0:02:55"]
[Board "46"]

1. d4 Nf6 2. Nc3 d5 3. Bf4 c5 4. e4 Nxe4 5. Nxe4 dxe4 6. dxc5 Qa5+ 7. c3 Qxc5 8. Qa4+ Nc6 9. Qxe4 g6 10. Nf3 Bg7 11. Be2 Bxc3+ 12. Kf1 Bxb2 13. Rb1 Bf5 14. Qxf5 Qxf5 0-1


[Site "https://www.chess.com"]

[Event "Titled Tuesday Blitz August 1 Early 2023"]
[White "Kobo, Ori"]
[Black "Karamsetty, Jeevan"]
[WhiteFideId "2812320"]
[BlackFideId "2025337"]
[WhiteElo "2755"]
[BlackElo "2596"]
[Result "1-0"]
[Round "5"]
[TimeControl "180+1"]
[Date "2023.08.01"]
[WhiteClock "0:00:21"]
[BlackClock "0:00:00"]
[Board "47"]

1. c4 g6 2. g3 Bg7 3. Bg2 d6 4. Nc3 Nf6 5. d4 O-O 6. Nf3 c6 7. O-O Bf5 8. Ng5 e5 9. d5 a5 10. Nge4 Nxe4 11. Bxe4 Bc8 12. Bg2 f5 13. dxc6 bxc6 14. c5 e4 15. cxd6 Be5 16. Bf4 Bxf4 17. gxf4 Rf6 18. Qb3+ Kg7 19. Na4 Na6 20. Rad1 Be6 21. Qb7+ Kh6 22. Qxc6 Bxa2 23. Nb6 Ra7 24. Nc8 Nb4 25. Qc3 Ra8 26. d7 Nd5 27. Qe5 Qxd7 28. Rxd5 Qxd5 29. Qxf6 Rxc8 30. h4 Qc6 31. Qe7 Qc7 32. Qg5+ Kg7 33. h5 Bc4 34. h6+ Kf7 35. Rc1 Qe7 36. Qg3 Be6 37. Ra1 Rc5 38. Qe3 Qc7 39. Qd2 Qb6 40. Kh2 Rd5 41. Qc3 Qd6 42. Qg7+ Ke8 43. e3 Qd7 44. Qh8+ Ke7 45. Qxh7+ Bf7 46. Qg7 Qd8 47. h7 1-0


[Site "https://www.chess.com"]

[Event "Titled Tuesday Blitz August 1 Early 2023"]
[White "Siniauski, Artsiom"]
[Black "Starozhilov, Leonid"]
[WhiteFideId "13512269"]
[BlackFideId "14106752"]
[WhiteElo "2584"]
[BlackElo "2751"]
[Result "0-1"]
[Round "5"]
[TimeControl "180+1"]
[Date "2023.08.01"]
[WhiteClock "0:00:00"]
[BlackClock "0:00:03"]
[Board "48"]

1. e4 g6 2. d4 Bg7 3. Ne2 d6 4. g3 c5 5. dxc5 Qa5+ 6. Nbc3 Qxc5 7. Be3 Qa5 8. Bg2 Nf6 9. O-O O-O 10. Qd2 Nc6 11. Rad1 Bd7 12. Nd5 Qxd2 13. Rxd2 Nxd5 14. exd5 Ne5 15. b3 Rfc8 16. h3 Bxh3 17. Bxh3 Nf3+ 18. Kg2 Nxd2 19. Bxd2 Rxc2 20. Rd1 Rxa2 21. Kf1 f5 22. Bg5 Rc8 23. Nd4 Bxd4 24. Rxd4 Rcc2 25. Be3 h5 26. Kg1 Ra1+ 27. Bf1 Rb2 28. Kg2 Rxb3 29. Rc4 Rxe3 30. fxe3 Kf7 31. e4 Kf6 32. exf5 gxf5 33. Be2 Ra5 34. Bf3 Ra2+ 35. Kf1 b5 36. Rc7 b4 37. Rb7 a5 38. Bxh5 Ra3 39. Kf2 b3 40. Bd1 a4 41. Rb4 Ra2+ 42. Ke3 Ke5 43. Bf3 b2 44. Be2 a3 45. Bd3 Ra1 46. Kd2 Kxd5 47. Rb5+ Kc6 48. Rb3 e6 49. Kc3 d5 50. Kb4 Kd6 51. Bc2 Ke5 52. Kc3 Kf6 53. Rb6 Kg5 54. Kd2 e5 55. Rb5 d4 56. Rb3 e4 57. Rb5 d3 0-1


[Site "https://www.chess.com"]

[Event "Titled Tuesday Blitz August 1 Early 2023"]
[White "Mikhailovsky, Vladimir"]
[Black "Kuzmin, Roman"]
[WhiteFideId "34105414"]
[BlackFideId "44134932"]
[WhiteElo "2748"]
[BlackElo "2577"]
[Result "1-0"]
[Round "5"]
[TimeControl "180+1"]
[Date "2023.08.01"]
[WhiteClock "0:00:02"]
[BlackClock "0:00:00"]
[Board "49"]

1. e4 c5 2. Nf3 d6 3. d4 cxd4 4. Nxd4 Nf6 5. Nc3 a6 6. Rg1 b5 7. a4 b4 8. Nd5 e6 9. Nxf6+ Qxf6 10. Be3 Bb7 11. Qd2 Bxe4 12. f3 Bd5 13. Qxb4 e5 14. Nb3 Nc6 15. Qb7 Qh4+ 16. Bf2 Qb4+ 17. Qxb4 Nxb4 18. O-O-O Rc8 19. Na1 Be7 20. Be3 O-O 21. Bxa6 Rc7 22. c3 Be6 23. Bb5 d5 24. Nc2 d4 25. Nxb4 Bxb4 26. Bd2 Bb3 27. Rde1 dxc3 28. Bxc3 Bxc3 29. bxc3 Rxc3+ 30. Kb2 Rfc8 31. Rc1 Rc2+ 32. Rxc2 Bxc2 33. Rc1 Bf5 34. Rxc8+ Bxc8 35. Kc3 Kf8 36. Kc4 Ke7 37. Kd5 Bb7+ 38. Kxe5 f6+ 39. Kd4 Kd6 40. a5 Ba8 41. Bd3 Kc7 42. Be4 Kb8 43. Bxa8 1-0


[Site "https://www.chess.com"]

[Event "Titled Tuesday Blitz August 1 Early 2023"]
[White "Demin, Vladimir"]
[Black "Xu, Yi"]
[WhiteFideId "4167457"]
[BlackFideId "8605564"]
[WhiteElo "2572"]
[BlackElo "2745"]
[Result "0-1"]
[Round "5"]
[TimeControl "180+1"]
[Date "2023.08.01"]
[WhiteClock "0:00:41"]
[BlackClock "0:01:12"]
[Board "50"]

1. d4 Nf6 2. Nc3 e6 3. e4 d5 4. Bg5 dxe4 5. Nxe4 Be7 6. Nxf6+ Bxf6 7. Bxf6 Qxf6 8. Nf3 O-O 9. Qd3 c5 10. Qe4 Nc6 11. Bd3 g6 12. c3 cxd4 13. cxd4 Rd8 14. O-O-O Nxd4 15. Bb1 e5 16. Nxe5 Bf5 0-1


[Site "https://www.chess.com"]

[Event "Titled Tuesday Blitz August 1 Early 2023"]
[White "Djordjevic, Vuk"]
[Black "Fonseca Manrique, Enrique"]
[WhiteFideId "902098"]
[BlackFideId "5114330"]
[WhiteElo "2744"]
[BlackElo "2553"]
[Result "1-0"]
[Round "5"]
[TimeControl "180+1"]
[Date "2023.08.01"]
[WhiteClock "0:00:16"]
[BlackClock "0:00:00"]
[Board "51"]

1. d4 Nf6 2. Bg5 c5 3. Bxf6 gxf6 4. dxc5 e6 5. Nd2 Bxc5 6. Ne4 Be7 7. Nd6+ Kf8 8. c3 Nc6 9. Nf3 Qc7 10. Nxc8 Rxc8 11. e4 h5 12. Bd3 h4 13. h3 Qa5 14. O-O Kg7 15. Qe2 Rcg8 16. Bb5 Kf8 17. Rfd1 d6 18. Bxc6 bxc6 19. Qc4 Qb6 20. Qb3 Qc7 21. Nd4 d5 22. Qa4 Qf4 23. Qxc6 Qxe4 24. Qc8+ Kg7 25. Qc7 Kh7 26. f3 Qe3+ 27. Kf1 Rxg2 28. Kxg2 Rg8+ 29. Kh1 Rg3 30. Rg1 Rxh3+ 31. Kg2 Rg3+ 32. Kh2 1-0


[Site "https://www.chess.com"]

[Event "Titled Tuesday Blitz August 1 Early 2023"]
[White "Matinian, Nikita"]
[Black "Ordekalog"]
[WhiteFideId "24129100"]
[WhiteElo "2743"]
[BlackElo "2543"]
[Result "1-0"]
[Round "5"]
[TimeControl "180+1"]
[Date "2023.08.01"]
[WhiteClock "0:00:14"]
[BlackClock "0:00:20"]
[Board "52"]

1. e4 c5 2. Nf3 Nc6 3. Bb5 g6 4. O-O Bg7 5. d3 d6 6. Re1 e6 7. Bxc6+ bxc6 8. e5 Ne7 9. exd6 Qxd6 10. Nbd2 O-O 11. Ne4 Qd5 12. c4 Qd8 13. Nxc5 Nf5 14. Qa4 Bd7 15. Rb1 Be8 16. b4 Nd4 17. Nxd4 Bxd4 18. Be3 Bg7 19. Rbd1 a5 20. bxa5 Rxa5 21. Qb3 Qa8 22. a4 Qc8 23. d4 f5 24. Bf4 Bf7 25. Be5 Bxe5 26. Rxe5 Rd8 27. h4 Qc7 28. Qe3 Rd6 29. h5 Qe7 30. h6 Qf6 31. Rb1 Ra8 32. Rb7 Rad8 33. Nb3 f4 34. Qe4 g5 35. c5 Rd5 36. Rxd5 exd5 37. Qe7 Qxe7 38. Rxe7 Rb8 39. Na5 g4 40. Nxc6 Rb1+ 41. Kh2 Rb2 42. Ne5 Rxf2 43. Nxg4 Rd2 44. c6 f3 45. c7 Rxg2+ 46. Kh3 Rc2 47. Kg3 Bh5 48. Nf6+ Kf8 49. Rd7 f2 50. Nxh7+ Ke8 51. Nf6+ Kf8 52. h7 f1=Q 53. h8=Q# 1-0


[Site "https://www.chess.com"]

[Event "Titled Tuesday Blitz August 1 Early 2023"]
[White "Goltseva, Ekaterina"]
[Black "Weetik, Vjacheslav"]
[WhiteFideId "24173770"]
[BlackFideId "4153472"]
[WhiteElo "2531"]
[BlackElo "2740"]
[Result "0-1"]
[Round "5"]
[TimeControl "180+1"]
[Date "2023.08.01"]
[WhiteClock "0:00:00"]
[BlackClock "0:00:07"]
[Board "53"]

1. Nf3 Nf6 2. c4 e6 3. Nc3 d5 4. d4 c6 5. cxd5 exd5 6. Bg5 Bf5 7. Nh4 Be6 8. Nf3 h6 9. Bh4 Bf5 10. h3 Nbd7 11. g4 Bh7 12. e3 Qa5 13. Nd2 Bd6 14. Nb3 Qc7 15. Rg1 Ne4 16. Rc1 Nxc3 17. bxc3 Ba3 18. Bg3 Qd8 19. Be2 O-O 20. Bf4 g5 21. Bg3 Qe7 22. h4 Nf6 23. hxg5 hxg5 24. Be5 Nd7 25. Bg3 Bxc1 26. Qxc1 Kg7 27. c4 Nb6 28. c5 Nd7 29. Bd6 Qe6 30. Nd2 Rh8 31. Nf3 f6 32. Nd2 Bg6 33. Nf1 b5 34. Ng3 Rh4 35. Qd1 Rah8 36. Bd3 Nf8 37. Bf5 Qe8 38. Qd3 Qf7 39. Bxg6 Nxg6 40. Nf5+ Kg8 41. Nxh4 Nxh4 42. Ke2 Qg6 43. Qb3 Qe4 44. Rg3 Ng6 45. a4 a6 46. axb5 axb5 47. Qa2 Kf7 48. Qa7+ Ne7 49. Kf1 Qh1+ 50. Ke2 Qe4 51. Rg1 Rh3 52. Qa2 Qf3+ 53. Ke1 Rh1 54. Rxh1 Qxh1+ 55. Ke2 Qe4 56. f3 Qe6 57. Qd2 Ng6 58. Qc3 f5 59. Kf2 fxg4 60. fxg4 Qxg4 61. Qa1 Qf5+ 62. Ke2 Qc2+ 63. Kf3 Nh4+ 64. Kg3 Qf5 65. Qg1 Qf3+ 66. Kh2 Qe2+ 67. Kh1 Qf3+ 68. Kh2 Kg6 69. Qg3 Qxg3+ 70. Kxg3 Nf5+ 71. Kf3 Nxd6 72. cxd6 Kf6 73. d7 Ke7 74. Kg4 b4 75. Kxg5 b3 0-1


[Site "https://www.chess.com"]

[Event "Titled Tuesday Blitz August 1 Early 2023"]
[White "Gontcharov, Vladislav"]
[Black "Idani, Pouya"]
[WhiteFideId "4123492"]
[BlackFideId "12510130"]
[WhiteElo "2533"]
[BlackElo "2739"]
[Result "1/2-1/2"]
[Round "5"]
[TimeControl "180+1"]
[Date "2023.08.01"]
[WhiteClock "0:00:08"]
[BlackClock "0:00:34"]
[Board "54"]

1. d4 Nf6 2. c4 e6 3. Nc3 Bb4 4. e3 d5 5. Nf3 O-O 6. Bd3 c5 7. O-O dxc4 8. Bxc4 Bd7 9. a3 Ba5 10. Qe2 Bc6 11. Rd1 Nbd7 12. d5 exd5 13. Nxd5 Nxd5 14. Bxd5 Bxd5 15. Rxd5 Qe7 16. Qb5 Nf6 17. Re5 Qd8 18. b4 cxb4 19. axb4 Qd1+ 20. Qf1 Qxf1+ 21. Kxf1 Bxb4 22. Rb5 a5 23. Rxb7 Ne4 24. Bb2 Rac8 25. Nd4 Nc5 26. Ra7 Nd3 27. Ba3 h6 28. Bxb4 axb4 29. Rb1 Rc4 30. Ke2 Ne5 31. Rb7 Ra8 32. Rb2 Ra1 33. h3 Rcc1 34. R7xb4 Re1+ 35. Kd2 Rad1+ 36. Kc3 Nd3 37. Rb8+ Kh7 38. Rc2 Rf1 39. f4 Nf2 40. Re8 Rd3+ 41. Kc4 Re1 42. Rc3 Rd2 43. g4 Nxh3 44. g5 Nxf4 45. gxh6 Ng6 46. hxg7 Kxg7 47. Nf5+ Kf6 48. Nd4 Rf2 49. Ra8 Kg7 50. Ra5 Rf6 51. Rf5 Rf1 52. Rxf6 Rxf6 53. Kd3 Ne5+ 54. Ke4 Ng6 55. Rc5 Ra6 56. Kd3 Kf6 57. Ke4 Ne7 58. Rb5 Ra3 59. Rc5 Kg7 60. Rb5 Ng8 61. Rc5 Nf6+ 62. Kf4 Nd7 63. Rb5 Kf6 64. Rf5+ Ke7 65. Rd5 Nf8 66. Re5+ Kf6 67. Rf5+ Kg7 68. Rg5+ Ng6+ 69. Ke4 Kf6 70. Rf5+ Ke7 71. Rd5 Ra6 72. Nf5+ Kf6 73. Nd4 Ne7 74. Rc5 Ra1 75. Rb5 Rh1 76. Rb6+ Kg7 77. Nf5+ Nxf5 78. Kxf5 Rh5+ 79. Kf4 Ra5 80. e4 f6 81. Rc6 Kg6 82. Rb6 Rh5 83. Rc6 Rh4+ 84. Kf3 Kg5 85. Rc5+ Kg6 86. Rc6 Kf7 87. Ke3 Rh1 88. Kf4 Rf1+ 89. Kg4 Ke7 90. Rb6 Re1 91. Kf4 Rf1+ 92. Kg4 Kf7 93. Ra6 Kg6 94. e5 Kf7 95. Rxf6+ Rxf6 96. exf6 Kxf6 1/2-1/2


[Site "https://www.chess.com"]